 Dungeon Crawl Stone Soup version 0.19-a0-722-g27ac516 (webtiles) character file.

95 magipi the Skirmisher (level 4, -5/40 HPs)
             Began as a Minotaur Artificer on June 21, 2016.
             Killed from afar by an orc wizard (7 damage)
             ... with a puff of frost
             ... on level 3 of the Dungeon.
             The game lasted 00:08:38 (2251 turns).

magipi the Skirmisher (Minotaur Artificer)          Turns: 2251, Time: 00:08:40

Health: -5/40      AC:  4    Str: 17    XL:     4   Next: 40%
Magic:  5/5        EV: 17    Int:  8    God:
Gold:   209        SH:  0    Dex: 16    Spells: 0 memorised, 3 levels left

rFire  . . .     SeeInvis .     a - +0 short sword
rCold  . . .     Gourm    .     b - +0 leather armour
rNeg   . . .     Faith    .     (no shield)
rPois  .         Spirit   .     (helmet restricted)
rElec  .         Dismiss  .     (no cloak)
rCorr  .         Reflect  .     (no gloves)
SustAt .         Harm     .     i - +0 pair of boots
MR     .....                    (no amulet)
Stlth  ++........               (no ring)
                                (no ring)

@: agile, not resistant to hostile enchantments, unstealthy
A: retaliatory headbutt, horns 2
a: no special abilities


You were on level 3 of the Dungeon.
You were not hungry.

You visited 1 branch of the dungeon, and saw 3 of its levels.

You collected 209 gold pieces.

Notes
Turn   | Place    | Note
--------------------------------------------------------------
     0 | D:1      | magipi the Minotaur Artificer began the quest for the Orb.
     0 | D:1      | Reached XP level 1. HP: 16/16 MP: 1/1
    14 | D:1      | Noticed a minotaur skeleton
   328 | D:1      | Reached XP level 2. HP: 24/24 MP: 3/3
   933 | D:2      | Reached XP level 3. HP: 12/30 MP: 4/4
  1756 | D:3      | Reached XP level 4. HP: 36/38 MP: 5/5
  1931 | D:3      | Found a faded altar of an unknown god.
  2248 | D:3      | HP: 2/40 [something/magic dart (7)]
  2251 | D:3      | Killed from afar by an orc wizard

Inventory:

Hand Weapons
 a - a +0 short sword (weapon)
 o - a +1 hand axe of chopping
Armour
 b - a +0 leather armour (worn)
 i - a +0 pair of boots (worn)
Jewellery
 t - a cursed ring of teleportation {unknown}
Wands
 c - a wand of flame (8/48)
 d - a wand of enslavement (15/24)
 e - a wand of random effects (10/48)
Scrolls
 l - a scroll of enchant weapon {unknown}
 m - 2 scrolls of identify {unknown}
 n - a scroll of fog {unknown}
 p - a scroll of fear {unknown}
 q - a scroll of random uselessness {unknown}
 y - a scroll of teleportation {unknown}
Potions
 u - a potion of curing {unknown}
 v - a potion of haste {unknown}
 w - a potion of magic {unknown}
Comestibles
 f - 2 bread rations
 g - 2 meat rations
 h - a beef jerky
 x - a chunk of flesh


   Skills:
 + Level 3.8 Fighting
 - Level 1.1 Short Blades
 - Level 2.1 Dodging
 - Level 0.7 Stealth
 + Level 3.8 Evocations


You had 3 spell levels left.
You didn't know any spells.

Dungeon Overview and Level Annotations

Branches:
Dungeon (3/15)

Altars:


Innate Abilities, Weirdness & Mutations

You reflexively headbutt those who attack you in melee.
You have a pair of horns on your head.

Vault maps used:
D:1:      shiori_arrival_whats_in_store_for_you
D:2:      forest_paths
D:3:      ecumenical_altar_2


Message History

x - 2 chunks of flesh (gained 1)
The goblin is too close now for your liking.
Unknown command.
The goblin shouts!
The goblin hits you with a dagger.
You hit the goblin but do no damage. The goblin barely misses you.
You barely miss the goblin. The goblin hits you with a dagger.
You hit the goblin.
You kill the goblin!
Things that are here:
a dagger; a ring mail The orc priest shouts!
An orc wizard comes into view. It is wielding a dagger.
The orc wizard shouts!
You start resting.
Evoke which item? (* to show all) (? for menu, Esc to quit)
Zapping:
e - a wand of random effects (15/48)
Press: ? - help, Shift-Dir - straight line, f - orc priest
Aim: an orc priest, wielding a club The puff of flame hits the orc priest.
The orc priest is severely wounded.
This wand has 14 charges left.
The orc priest casts a cantrip, but nothing happens.
Unknown command.
Evoke which item? (* to show all) (? for menu, Esc to quit)
Zapping:
e - a wand of random effects (14/48)
Press: ? - help, Shift-Dir - straight line, f/p - orc priest
Aim: an orc priest, wielding a club (severely wounded)
The orc priest seems to speed up.
This wand has 13 charges left.
The orc priest calls down the wrath of Beogh upon you.
Pain shoots through your body!
Unknown command.
Evoke which item? (* to show all) (? for menu, Esc to quit)
Zapping:
e - a wand of random effects (13/48)
Press: ? - help, Shift-Dir - straight line, f/p - orc priest
Aim: an orc priest, wielding a club (severely wounded, fast)
The orc priest evaporates and reforms as an iguana!
This wand has 12 charges left.
The orc wizard mumbles some strange words.
The orc wizard flickers and vanishes!
Deactivating autopickup; reactivate with Ctrl-A.
Unknown command.
Some of the chunks of flesh in your inventory have rotted away.
Evoke which item? (* to show all) (? for menu, Esc to quit)
Zapping:
e - a wand of random effects (12/48)
Press: ? - help, Shift-Dir - straight line, f/p - iguana
Aim: an iguana The iguana looks slightly unstable.
This wand has 11 charges left.
The iguana bites you.
Unknown command.
Evoke which item? (* to show all) (? for menu, Esc to quit)
Zapping:
e - a wand of random effects (11/48)
Press: ? - help, Shift-Dir - straight line, f/p - iguana
Aim: an iguana The iguana struggles to resist.
This wand has 10 charges left.
The iguana disappears!
Unknown command.
Evoke which item? (* to show all) (? for menu, Esc to quit)
Zapping:
e - a wand of random effects (10/48)
Press: ? - help, Shift-Dir - straight line, f - you Really target yourself?
Okay, then.
Unknown command.
Unknown command.
A puff of flame appears from out of thin air!
The puff of flame hits you!
A magic dart appears from out of thin air!
The magic dart hits you!
A puff of flame appears from out of thin air!
The puff of flame hits you!
* * * LOW HITPOINT WARNING * * *
Things that are here:
an uncursed hunting sling; 13 stones Unknown command.
Okay, then.
It was a potion of invisibility.
You fade into invisibility!
You are very lightly contaminated with residual magic.
Unknown command.
You see here a dagger.
A magic dart appears from out of thin air!
The magic dart hits you!
* * * LOW HITPOINT WARNING * * *
It was a potion of lignification.
You turn into a tree.
Your +0 pair of boots melds into your body.
Your +0 leather armour melds into your body.
Your roots penetrate the ground.
It was a potion of cancellation.
Your magical effects are unravelling.
Your magical contamination has completely faded away.
You feel magically purged.
You flicker back into view.
It was a potion of agility.
You feel agile all of a sudden.
You feel less woody.
Your +0 pair of boots unmelds from your body.
Your +0 leather armour unmelds from your body.
You hear some strange, mumbled words.
A puff of frost appears from out of thin air!
The puff of frost hits you!
You die...

.. .# o# .# ########
l{.....# ######)#
######.#############
.((..)..)....l..@..#
.......###########.#
.......# #.....#.#
######### #.###.#.#
........####'#<..#.#
........#.....####.#
........#.....'....#
........#.....######
..............#


You could see an iguana.

Vanquished Creatures
  An adder (D:2)
  3 worms
  3 dart slugs
  4 giant geckos
  An orc (D:3)
  2 bats
  3 giant cockroaches
  10 goblins
  9 hobgoblins
  5 jackals
  2 quokkas (D:2)
  A giant newt (D:1)
  10 kobolds
  7 rats
61 creatures vanquished.

Action                   |  1- 3 |  4- 6 || total
-------------------------+-------+-------++-------
Melee: Short sword       |   121 |    46 ||   167
       Headbutt          |    15 |    11 ||    26
Evoke: Wand              |     7 |     5 ||    12
  Use: Potion            |       |     4 ||     4
 Stab: Sleeping          |     1 |       ||     1
  Eat: Chunk             |     3 |     1 ||     4
Armor: Leather armour    |    25 |    12 ||    37
Dodge: Dodged            |    62 |    17 ||    79

Action                   |  1- 3 |  4- 6 || total
-------------------------+-------+-------++-------
Melee: Short sword       |   121 |    46 ||   167
       Headbutt          |    15 |    11 ||    26
Evoke: Wand              |     7 |     5 ||    12
  Use: Potion            |       |     4 ||     4
 Stab: Sleeping          |     1 |       ||     1
  Eat: Chunk             |     3 |     1 ||     4
Armor: Leather armour    |    25 |    12 ||    37
Dodge: Dodged            |    62 |    17 ||    79
